Map: [ESL] Goldenaura

Players

Harstem - Winner!

  • Race: Protoss Protoss
  • League: Master
  • Spawn Location: 5:00

Kelazhur

  • Race: Terran Terran
  • League: Master
  • Spawn Location: 12:00

Event: HomeStory Cup XXV

VOD

Have the link to the VOD?

Description

Time

  • Played on: June 22, 2024, 9:05 a.m.
  • Length: 15:44

All games in this series

Show
View Real Time Build Order
Export as new Build Order

Harstem Protoss - Winner!

Build Orders: 1 Gate Expand, Oracle Opening, Phoenix Opening 

Get SALT Encoding   

  12  0:01  Probe  
  13  0:13  Probe  
  14  0:17  Pylon  
  14  0:25  Probe (Chrono Boost)  
  15  0:35  Gateway  
  15  0:37  Probe (Chrono Boost)  
  16  0:46  Probe (Chrono Boost)  
  16  0:47  Assimilator  
  17  0:51  Probe  
  18  1:03  Probe  
  19  1:18  Nexus  
  19  1:28  Cybernetics Core  
  19  1:31  Probe  
  20  1:36  Assimilator  
  20  1:43  Probe  
  20  1:46  Pylon  
  21  1:55  Probe  
  22  2:01  Adept (Chrono Boost)  
  22  2:08  Probe  
  25  2:19  Stargate  
  25  2:20  Probe  
  25  2:21  Adept (Chrono Boost)  
  28  2:30  Probe  
  28  2:32  Probe  
  28  2:35  Warp Gate  
  30  2:42  Probe  
  32  2:44  Probe  
  32  2:54  Probe  
  32  2:56  Probe  
  34  3:00  Oracle (Chrono Boost)  
  37  3:06  Probe  
  37  3:08  Probe  
  37  3:10  Stalker  
  41  3:17  Gateway, Pylon  
  41  3:19  Probe  
  42  3:20  Probe  
  41  3:29  Phoenix (Chrono Boost)  
  41  3:31  Probe  
  41  3:32  Probe  
  45  3:39  Shield Battery  
  45  3:43  Probe  
  45  3:44  Probe  
  47  3:49  Pylon  
  47  3:52  Phoenix (Chrono Boost)  
  47  3:55  Probe  
  50  3:56  Probe  
  49  4:07  Probe  
  49  4:09  Nexus  
  50  4:19  Probe  
  50  4:21  Probe  
  52  4:25  Stalker x2  
  52  4:31  Probe  
  56  4:32  Pylon  
  56  4:33  Probe, Phoenix (Chrono Boost)  
  56  4:36  Assimilator  
  58  4:40  Pylon  
  59  4:49  Zealot  
  59  4:51  Stalker  
  63  4:52  Probe  
  63  4:54  Phoenix (Chrono Boost), Pylon  
  63  4:55  Probe  
  66  5:04  Probe  
  65  5:07  Probe  
  65  5:09  Stalker  
  68  5:17  Stalker, Probe  
  71  5:22  Probe  
  71  5:27  Probe  
  69  5:29  Probe (Chrono Boost)  
  71  5:38  Stalker, Probe (Chrono Boost)  
  71  5:40  Forge  
  71  5:41  Probe (Chrono Boost)  
  75  5:43  Twilight Council  
  75  5:45  Probe (Chrono Boost)  
  75  5:49  Probe (Chrono Boost)  
  77  5:51  Probe (Chrono Boost)  
  77  5:52  Gateway x2  
  77  5:53  Pylon  
  78  5:57  Probe (Chrono Boost)  
  78  5:59  Sentry  
  78  6:01  Probe (Chrono Boost)  
  78  6:02  Probe (Chrono Boost)  
  78  6:03  Phoenix (Chrono Boost)  
  84  6:04  Protoss Ground Armor Level 1  
  84  6:09  Gateway  
  84  6:10  Probe  
  84  6:11  Gateway, Robotics Facility  
  85  6:15  Probe  
  85  6:16  Zealot  
  85  6:17  Assimilator  
  88  6:25  Charge (Chrono Boost)  
  88  6:26  Probe, Pylon  
  88  6:28  Probe  
  91  6:36  Gateway  
  91  6:37  Gateway  
  91  6:38  Zealot x2, Probe  
  95  6:42  Shield Battery  
  95  6:48  Zealot, Sentry  
  95  6:51  Pylon  
  99  6:57  Pylon  
  99  6:59  Zealot x2, Robotics Bay  
  103  7:02  Pylon  
  103  7:05  Zealot x2  
  107  7:11  Zealot x2  
  107  7:14  Phoenix (Chrono Boost)  
  113  7:20  Immortal (Chrono Boost)  
  113  7:21  Zealot x2  
  121  7:24  Pylon  
  121  7:27  Zealot x2  
  125  7:34  Photon Cannon  
  125  7:35  Shield Battery  
  125  7:36  Phoenix (Chrono Boost)  
  127  7:44  Zealot x5  
  127  7:50  Zealot x3  
  101  8:08  Zealot x4  
  101  8:09  Zealot  
  101  8:10  Probe  
  106  8:13  Probe  
  105  8:20  Probe  
  105  8:22  Probe  
  105  8:25  Probe  
  102  8:28  Zealot x2  
  102  8:32  Probe  
  105  8:45  Zealot x2  
  105  8:46  Zealot x4  
  103  8:50  Colossus (Chrono Boost)  
  104  8:55  Probe (Chrono Boost)  
  104  8:59  Probe (Chrono Boost)  
  104  9:02  Protoss Ground Weapons Level 1 (Chrono Boost)  
  106  9:07  Probe (Chrono Boost)  
  107  9:11  Zealot x4, Sentry  
  107  9:12  Probe (Chrono Boost)  
  107  9:16  Phoenix  
  117  9:23  Probe  
  116  9:32  Zealot  
  116  9:33  Zealot x2  
  116  9:34  Colossus (Chrono Boost)  
  128  9:39  Zealot x2  
  128  9:41  Pylon  
  120  9:59  Probe  
  115  10:04  Probe (Chrono Boost)  
  116  10:07  Zealot x4  
  116  10:09  Nexus  
  116  10:12  Pylon  
  126  10:17  Probe (Chrono Boost)  
  126  10:18  Probe (Chrono Boost)  
  126  10:19  Zealot x2, Probe (Chrono Boost)  
  129  10:28  Sentry  
  131  10:29  Colossus  
  131  10:32  Zealot x2  
  131  10:33  Blink (Chrono Boost)  
  137  10:44  Probe  
  137  10:48  Probe  
  137  10:49  Probe  
  140  10:56  Probe, Photon Cannon  
  141  11:00  Stalker x3, Probe  
  141  11:01  Pylon  
  148  11:08  Zealot x3  
  136  11:23  Probe  
  136  11:25  Zealot x4  
  143  11:26  Extended Thermal Lance (Chrono Boost)  
  143  11:30  Stalker x2  
  143  11:39  Zealot x2  
  127  11:50  Stalker x4  
  106  12:02  Stalker x4  
  106  12:03  Probe  
  106  12:06  Protoss Ground Weapons Level 2 (Chrono Boost)  
  113  12:19  Zealot x4  
  119  12:26  Sentry  
  119  12:27  Zealot x3  
  119  12:29  Probe  
  122  12:40  Stalker, Zealot x3  
  130  12:49  Colossus (Chrono Boost)  
  130  12:50  Zealot x4  
  142  13:05  Zealot x4  
  150  13:16  Zealot x4  
  150  13:18  Probe  
  153  13:28  Zealot x4  
  153  13:30  Nexus  
  161  13:38  Stalker x4  
  167  13:49  Stalker x2  
  167  13:51  Pylon  
  167  14:03  Colossus  
  167  14:05  Stalker x4  
  169  14:11  Probe  
  169  14:13  Zealot x4  
  170  14:30  Zealot x4  
  168  14:34  Probe  
  167  14:44  Zealot x4  
  155  14:55  Zealot x4  
  155  14:56  Probe (Chrono Boost)  
  158  15:05  Gateway  
  158  15:06  Probe (Chrono Boost)  
  158  15:07  Pylon  
  158  15:12  Gateway, Probe (Chrono Boost)  
  157  15:14  Zealot x4  
  157  15:15  Probe (Chrono Boost)  
  165  15:22  Stalker x3  
  153  15:38  Stalker x5  
Show
View Real Time Build Order
Export as new Build Order

Kelazhur Terran 

Build Orders: Cyclone Opening 

Get SALT Encoding   

  12  0:00  SCV  
  13  0:12  SCV  
  14  0:17  Supply Depot  
  14  0:24  SCV  
  15  0:38  SCV  
  15  0:39  Barracks  
  16  0:44  Refinery  
  16  0:50  SCV  
  16  0:52  Refinery  
  17  1:02  SCV  
  18  1:15  SCV  
  19  1:26  Reaper  
  19  1:27  Orbital Command, Supply Depot  
  20  1:40  Factory  
  20  1:52  SCV  
  21  1:58  Barracks Reactor  
  21  2:04  SCV  
  22  2:15  Command Center  
  22  2:19  SCV  
  23  2:31  SCV, Starport  
  23  2:34  Widow Mine  
  26  2:41  Supply Depot  
  26  2:43  SCV  
  27  2:46  Marine  
  27  2:47  Marine  
  29  2:55  SCV  
  29  2:58  Cyclone  
  29  3:05  Marine x2  
  33  3:09  Medivac  
  33  3:12  SCV  
  36  3:22  Marine  
  36  3:23  Marine  
  38  3:29  SCV  
  38  3:32  Cyclone  
  41  3:40  Marine  
  41  3:41  SCV, Marine  
  44  3:53  Orbital Command  
  43  3:58  SCV  
  43  4:01  Marine x2  
  42  4:10  SCV  
  42  4:12  Cyclone  
  45  4:20  Marine x2  
  45  4:21  SCV  
  45  4:22  SCV  
  49  4:33  SCV  
  49  4:34  SCV  
  54  4:40  Marine x2  
  54  4:41  Barracks  
  54  4:43  Barracks  
  54  4:45  Supply Depot  
  54  4:53  Factory Tech Lab  
  54  4:54  SCV x2, Starport Tech Lab  
  54  4:56  Engineering Bay  
  54  4:59  Marine  
  54  5:07  Marine  
  55  5:17  Marine  
  55  5:18  SCV  
  55  5:21  SCV  
  55  5:24  Marine  
  57  5:31  SCV  
  53  5:36  SCV  
  53  5:37  Starport Reactor, Factory Reactor  
  53  5:43  SCV  
  53  5:45  Combat Shield, Marine x3, Stimpack  
  53  5:46  Marine  
  53  5:48  SCV  
  56  5:50  Refinery  
  56  5:51  Terran Infantry Weapons Level 1  
  56  5:55  SCV  
  56  6:00  SCV  
  56  6:01  Barracks  
  56  6:02  Marine  
  58  6:04  Marine x3, Barracks  
  58  6:08  Supply Depot, SCV  
  62  6:13  SCV  
  62  6:16  Medivac x2  
  67  6:20  SCV, Marine  
  67  6:25  Supply Depot, SCV  
  70  6:29  Marine  
  70  6:30  Marine, Marauder, Widow Mine  
  70  6:32  SCV  
  77  6:38  Marine  
  78  6:46  Supply Depot  
  78  6:48  Medivac x2  
  78  6:49  Marauder  
  78  6:52  Supply Depot, SCV  
  78  6:53  Refinery  
  78  6:54  Supply Depot, Marine  
  86  6:59  Supply Depot  
  86  7:03  Supply Depot  
  86  7:07  Marine x3, Marauder  
  91  7:19  Marine, Marauder  
  91  7:21  Concussive Shells  
  94  7:23  Widow Mine x2  
  94  7:25  Marine  
  94  7:27  SCV  
  94  7:29  Medivac x2  
  102  7:31  Marine x3  
  105  7:37  Marine  
  105  7:38  Supply Depot  
  105  7:40  Marine  
  105  7:42  Marine  
  110  7:44  Widow Mine  
  110  7:45  Terran Infantry Armor Level 1  
  110  7:48  Marine  
  110  7:49  Marine  
  110  7:50  Marauder  
  114  7:55  Marine  
  114  7:58  Marine  
  110  8:00  Marine  
  108  8:06  Marine  
  108  8:07  Marine  
  108  8:12  Marine, Widow Mine x2, Medivac  
  111  8:13  Marine  
  111  8:16  Marine  
  111  8:18  Marine  
  102  8:24  Marine  
  102  8:25  Marine  
  97  8:30  Marine x2  
  97  8:31  Armory  
  97  8:33  Widow Mine x2  
  103  8:39  Marauder  
  103  8:43  Marine x3  
  103  8:48  Marine  
  93  8:50  Marine  
  93  8:53  Medivac  
  93  8:55  Widow Mine x2  
  96  8:58  Command Center  
  96  9:03  Marine  
  96  9:05  Marine  
  98  9:10  Marine  
  98  9:12  Marine x2  
  98  9:16  Marauder  
  103  9:20  Supply Depot, Marine  
  103  9:22  Marine  
  105  9:26  Ghost Academy  
  105  9:30  Marine x2, Marauder  
  109  9:33  Widow Mine x2  
  109  9:37  Marine  
  112  9:38  Marine  
  112  9:40  Marine  
  107  9:47  Marine  
  107  9:48  Marine  
  107  9:51  SCV x2, Marine  
  107  9:55  Marauder  
  107  9:56  Marine  
  107  9:58  Marine  
  107  10:03  SCV x2  
  107  10:05  Marine, Terran Infantry Weapons Level 2  
  111  10:10  Marauder  
  113  10:15  SCV  
  113  10:16  Marine  
  113  10:17  Barracks Tech Lab, Barracks Reactor  
  114  10:21  Viking  
  114  10:27  Viking  
  118  10:31  Marauder  
  115  10:43  Marine x2, Marauder  
  115  10:44  Marauder  
  121  10:51  Viking  
  123  10:57  SCV  
  123  10:58  SCV  
  123  11:01  Marine x2  
  127  11:09  SCV  
  127  11:10  SCV, Marauder  
  127  11:16  Marauder x2  
  129  11:18  Widow Mine  
  124  11:37  Marauder  
  122  11:42  Marauder  
  122  11:44  Marine, Marauder  
  113  11:47  Viking x2  
  113  11:52  Marine x2  
  100  11:58  Marauder  
  100  11:59  Marine  
  90  12:02  Orbital Command  
  90  12:04  Marauder  
  90  12:05  SCV  
  90  12:06  SCV, Marauder  
  96  12:16  Marine x3  
  96  12:18  SCV x2  
  96  12:21  Terran Infantry Armor Level 2  
  95  12:27  Marauder, Viking  
  95  12:29  Marine, Marauder  
  98  12:30  Marine  
  99  12:40  Marine  
  99  12:41  Marine x2  
  99  12:42  SCV  
  99  12:43  SCV x2  
  103  12:46  Marine  
  103  12:47  Medivac  
  103  12:48  Marine, Marauder  
  107  12:54  Marauder  
  107  12:57  Medivac  
  111  12:58  Marine x2  
  111  12:59  Marine  
  111  13:04  Marine  
  115  13:05  Widow Mine x2  
  115  13:06  SCV x3  
  115  13:07  Marauder  
  115  13:09  Supply Depot, Marauder  
  122  13:15  Marauder  
  122  13:16  Marine x2  
  122  13:18  SCV x2  
  121  13:24  Viking  
  121  13:25  Marine x2  
  125  13:27  Viking  
  125  13:28  Marauder  
  125  13:30  Marine  
  125  13:34  Marine  
  130  13:39  Marine, Marauder  
  134  13:42  Marine  
  134  13:43  Marine  
  130  13:54  Viking  
  130  13:56  Marauder  
  130  13:57  Viking  
  130  14:02  Marauder  
  133  14:03  Marauder  
  131  14:12  Marine  
  127  14:17  Marine  
  127  14:18  Marauder  
  127  14:19  Marine  
  127  14:23  Marauder  
  127  14:24  Viking  
  128  14:25  Marauder  
  128  14:27  Viking  
  128  14:32  Marine  
  128  14:33  Marine  
  128  14:35  Marine  
  123  14:39  Marauder  
  123  14:45  Marauder  
  117  14:46  Marauder  
  117  14:48  Marine  
  112  14:55  Medivac  
  112  14:57  Marine, Widow Mine, Medivac  
  113  15:00  Marine x2, Marauder  
  115  15:09  Marine x2, Marauder  
  113  15:15  Marine  
  113  15:19  Marine  
  113  15:20  Marine  
  114  15:22  Marauder  
Tags
 
Add a new tag
Caveats
  • Supply blocks, unpowered buildings, or Contaminate may cause inaccurate times.
  • Supply counts are checked every 10 seconds.